 Dungeon Crawl Stone Soup version 0.18-a0-1426-g3b9a63c (webtiles) character file.

1773 George the Carver (level 8, 0/60 HPs)
             Began as a Demonspawn Abyssal Knight on Feb 27, 2016.
             Was an Elder of Lugonu.
             Slain by a white ugly thing (11 damage)
             ... on level 6 of the Dungeon.
             The game lasted 00:13:47 (7570 turns).

George the Carver (Demonspawn Abyssal Knight)       Turns: 7570, Time: 00:13:47

Health: 0/60       AC: 10    Str: 13    XL:     8   Next: 80%
Magic:  13/13      EV:  9    Int: 14    God:    Lugonu [****..]
Gold:   359        SH:  0    Dex: 14    Spells: 0 memorised, 7 levels left

rFire  . . .     SeeInvis .     Q - +2 short sword of Patterns {pierce, rElec}
rCold  . . .     Gourm    .     x - +0 scale mail
rNeg   . . .     Faith    .     (no shield)
rPois  .         Spirit   .     q - +0 helmet
rElec  +         Dismiss  .     s - +1 cloak
rCorr  .         Reflect  .     (no gloves)
SustAt .         Harm     .     (no boots)
MR     .....                    (no amulet)
Stlth  ..........               (no ring)
                                (no ring)

@: not resistant to hostile enchantments, extremely unstealthy
A: talons 2, spiny 1, rot immunity
a: Depart the Abyss, Bend Space, Banish, Corrupt, Renounce Religion


You were on level 6 of the Dungeon.
You worshipped Lugonu.
Lugonu was greatly pleased with you.
You were not hungry.

You visited 2 branches of the dungeon, and saw 8 of its levels.
You visited the Abyss 1 time.

You collected 359 gold pieces.

Inventory:

Hand Weapons
 a - a +1 falchion
 Q - the +2 short sword of Patterns (weapon) {pierce, rElec}
   (You found it on level 6 of the Dungeon)

   It inflicts extra damage upon your enemies.
   It insulates you from electricity.
Missiles
 i - a throwing net (quivered)
Armour
 q - a +0 helmet (worn)
 s - a +1 cloak (worn)
 x - a +0 scale mail (worn)
 N - an ice dragon hide
Wands
 R - a wand of flame (15/48)
Scrolls
 z - 3 scrolls of enchant armour
 F - 2 scrolls of teleportation
 L - a scroll of identify
 O - a scroll of recharging
Potions
 j - 3 potions of heal wounds
 p - 3 potions of curing
 A - a potion of cure mutation
 C - a potion of berserk rage
 H - a potion of might
 J - 2 potions of flight
Comestibles
 c - 3 bread rations
 D - 3 slices of pizza
 K - 2 beef jerkies
 S - 2 chunks of flesh


   Skills:
 + Level 3.9 Fighting
 + Level 8.6 Long Blades
 + Level 2.8 Armour
 + Level 2.0 Dodging
 + Level 7.1 Invocations


You had 7 spell levels left.
You didn't know any spells.

Dungeon Overview and Level Annotations

Branches:
Dungeon (7/15)             Temple (1/1) D:5

Altars:
Cheibriados
Elyvilon
Fedhas
Gozag
Kikubaaqudgha
Nemelex Xobeh
Okawaru
Pakellas
Qazlal
Ru
Sif Muna
Trog
Vehumet
Yredelemnul
Zin
The Shining One

Annotations:
D:3 1 runed door


Innate Abilities, Weirdness & Mutations

You have razor-sharp toenails.
You are partially covered in sharp spines.
You are immune to rotting.


Message History

Evoking this partially-identified wand wasted a few charges.
The white ugly thing barely misses you.
Evoke which item? (* to show all) (? for menu, Esc to quit)
Zapping:
R - a wand of flame {zapped: 3} (will waste charges)
Press: ? - help, Shift-Dir - straight line, f/p - white ugly thing
Aim: a white ugly thing (lightly wounded)
The puff of flame hits the white ugly thing.
The white ugly thing is lightly wounded.
Evoking this partially-identified wand wasted a few charges.
The white ugly thing closely misses you.
Evoke which item? (* to show all) (? for menu, Esc to quit)
Zapping:
R - a wand of flame {zapped: 6} (will waste charges)
Press: ? - help, Shift-Dir - straight line, f/p - white ugly thing
Aim: a white ugly thing (lightly wounded)
The puff of flame hits the white ugly thing.
The white ugly thing is moderately wounded.
Evoking this partially-identified wand wasted a few charges.
The white ugly thing is struck by your spines.
The white ugly thing claws you!
You die...

.## #......#.# #.##)##....
.####.#.##.#.# #.##..#.###
........##.#.# #.###.#.#
.####.####.#.## #.###.#.# #
..###.# #....# #.......###
...##.####..#.# ###.....##.
....#.........# ####.........
.....####...#########.....|......
.....+.........u@................
.....####...#########.#..........
....## #..## #.##.#...##.. ...##
#.## #.#####.####. ..## #.# #.#
### ## '## #.# #.# # .# #.#
####.########### .# #.#
#............... .########.#
#.##.###..######


You could see a white ugly thing.

Vanquished Creatures
  The ghost of Tux the Skirmisher, an amateur FoAK of Lugonu (D:6)
  Grinder (D:5)
  A hungry ghost (D:4)
  A sky beast (D:4)
  A phantom (D:4)
  2 ogres
  2 giant frogs (D:6)
  A scorpion (D:4)
  A water moccasin skeleton (D:4)
  2 jellies
  2 howler monkeys
  A centaur zombie (D:5)
  A giant frog zombie (D:5)
  Crazy Yiuf (D:2)
  Ijyb (D:2)
  Natasha (D:2)
  2 orc wizards (D:6)
  3 worker ants
  The ghost of tasslehoff34 the Gusty, a weakling DrAE (D:3)
  Robin (D:2)
  A gnoll (D:2)
  6 adders
  3 oozes
  An adder skeleton (D:6)
  3 worms
  2 dart slugs
  7 giant geckos
  18 orcs
  7 giant cockroaches
  19 goblins
  7 hobgoblins
  3 jackals (D:3)
  3 quokkas
  2 ball pythons
  7 bats
  2 giant gecko skeletons (D:4)
  6 giant newts
  9 kobolds
  A quokka skeleton (D:4)
  A rat (D:1)
135 creatures vanquished.

Notes
Turn   | Place    | Note
--------------------------------------------------------------
     0 | Abyss:1  | George the Demonspawn Abyssal Knight began the quest for the Orb.
     0 | Abyss:1  | Reached XP level 1. HP: 18/18 MP: 2/2
    86 | Abyss:1  | Noticed a small abomination
    97 | D:1      | Escaped the Abyss
   336 | D:1      | Reached skill level 2 in Long Blades
   652 | D:1      | Reached * piety under Lugonu
   652 | D:1      | Gained mutation: You have sharp toenails. [demonic ancestry]
   652 | D:1      | Reached XP level 2. HP: 24/24 MP: 3/3
  1153 | D:1      | Reached skill level 3 in Long Blades
  1438 | D:2      | Gained mutation: You have razor-sharp toenails. [demonic ancestry]
  1438 | D:2      | Reached XP level 3. HP: 25/29 MP: 4/4
  1587 | D:2      | Noticed Robin
  1675 | D:2      | Killed Robin
  1813 | D:2      | Noticed Ijyb
  1814 | D:2      | Found an opulent altar of Gozag.
  1822 | D:2      | Reached XP level 4. HP: 35/35 MP: 5/5
  1880 | D:2      | Reached ** piety under Lugonu
  1958 | D:2      | Killed Ijyb
  1958 | D:2      | Reached skill level 4 in Long Blades
  1982 | D:2      | Noticed Natasha
  1994 | D:2      | Killed Natasha
  2326 | D:2      | Reached XP level 5. HP: 36/41 MP: 6/6
  2398 | D:2      | Noticed Crazy Yiuf
  2407 | D:2      | Killed Crazy Yiuf
  2407 | D:2      | Reached skill level 5 in Long Blades
  2846 | D:2      | Found a glowing golden altar of the Shining One.
  2898 | D:3      | Noticed tasslehoff34's ghost (weakling DrAE)
  2906 | D:3      | Killed tasslehoff34's ghost
  3259 | D:3      | Found a white marble altar of Elyvilon.
  3261 | D:3      | Noticed an angel
  3265 | D:3      | Found a runed door.
  3912 | D:4      | Gained mutation: You are immune to rotting. [demonic ancestry]
  3912 | D:4      | Reached XP level 6. HP: 28/47 MP: 7/7
  3916 | D:4      | Noticed a hungry ghost
  3970 | D:4      | Killed a hungry ghost
  3970 | D:4      | Reached skill level 6 in Long Blades
  4321 | D:4      | Reached *** piety under Lugonu
  4573 | D:4      | Reached skill level 7 in Long Blades
  4573 | D:4      | Gained mutation: You are partially covered in sharp spines. [demonic ancestry]
  4573 | D:4      | Reached XP level 7. HP: 42/52 MP: 8/8
  4732 | D:4      | Found a sparkling altar of Nemelex Xobeh.
  4733 | D:4      | Found an opulent altar of Gozag.
  5075 | D:5      | Entered Level 5 of the Dungeon
  5303 | D:5      | Found a staircase to the Ecumenical Temple.
  5309 | Temple   | Entered the Ecumenical Temple
  5488 | D:5      | Reached skill level 8 in Long Blades
  5488 | D:5      | Reached skill level 5 in Invocations
  5492 | D:5      | Reached XP level 8. HP: 21/58 MP: 10/12
  5807 | D:5      | Noticed Grinder
  5826 | D:5      | Killed Grinder
  6207 | D:6      | Reached skill level 1 in Dodging
  6417 | D:6      | Got a faintly glowing short sword
  6418 | D:6      | Identified the +2 short sword of Patterns {pierce, rElec} (You found it on level 6 of the Dungeon)
  6790 | D:6      | Noticed Tux's ghost (amateur FoAK)
  6915 | D:6      | Killed Tux's ghost
  7182 | D:6      | Found a radiant altar of Vehumet.
  7404 | D:6      | Reached **** piety under Lugonu
  7531 | D:7      | Noticed a white ugly thing
  7570 | D:6      | Slain by a white ugly thing

Vault maps used:
D:1:      lemuel_arrival_muddy
D:2:      tso_altar, lemuel_tele_altar, uniq_natasha, uniq_crazy_yiuf_cottage,
          uniq_robin, uniq_iyjb
D:3:      lemuel_angel_altar
D:4:      grunt_temple_overflow_opulence, first_bread, serial_corexii_hall,
          corexii_hall_statues_deadend, corexii_hall_statues_t
D:5:      minmay_temple_entry_hall, uniq_grinder
D:6:      vehumet_altar_wand_db
D:7:      lemuel_slime, basic_altar, uniq_duvessa
Temple:   nicolae_temple_god_jail

Skill      XL: |  1  2  3  4  5  6  7  8 |
---------------+-------------------------+-----
Long Blades    | 2 3 4 5 7 8 |  8.6
Invocations    | 5 7 |  7.1
Armour         | 2 |  2.8
Dodging        | 2 |  2.0
Fighting       | |  3.9

Action                   |  1- 3 |  4- 6 |  7- 9 || total
-------------------------+-------+-------+-------++-------
Melee: Falchion          |   101 |   301 |   105 ||   507
       Short sword       |       |       |    64 ||    64
Invok: Depart the Abyss  |     1 |       |       ||     1
       Bend Space        |       |       |     1 ||     1
Evoke: Wand              |       |       |     3 ||     3
  Use: Scroll            |       |    10 |     5 ||    15
 Stab: Sleeping          |       |     1 |       ||     1
  Eat: Chunk             |     3 |     6 |     8 ||    17
       Fruit             |       |     6 |       ||     6
       Beef jerky        |       |     2 |       ||     2
       Meat ration       |       |     1 |       ||     1
       Bread ration      |       |     1 |       ||     1
       Pizza             |       |     1 |       ||     1
